 Dungeon Crawl Stone Soup version 0.17.0-27-g4a3f43e (console) character file.

6 gw the Ducker (level 1, -1/10 HPs)
             Began as a Felid Fighter on Nov 21, 2015.
             Slain by a kobold (4 damage)
             ... on level 1 of the Dungeon.
             The game lasted 00:00:05 (143 turns).

gw the Ducker (Felid Fighter)                        Turns: 143, Time: 00:00:05

Health: -1/10      AC:  1    Str: 17    XL:     1   Next: 75%
Magic:  2/2        EV: 19    Int:  9    God:
Gold:   0          SH:  0    Dex: 15    Spells: 0 memorised, 0 levels left
                                        Lives:  0   Deaths: 0

rFire  . . .     SeeInvis +       - Unarmed
rCold  . . .     Clarity  .     (armour unavailable)
rNeg   . . .     SustAt   .     (shield unavailable)
rPois  .         Gourm    .     (helmet unavailable)
rElec  .         Spirit   .     (cloak unavailable)
rCorr  .         Warding  .     (gloves unavailable)
rMut   .         Stasis   .     (boots unavailable)
MR     .....                    (no amulet)
Stlth  ++........               (no ring)
                                (no ring)

@: mighty, quick, not resistant to hostile enchantments, unstealthy
A: no armour, no weapons or thrown items, claws 1, fangs 3, see invisible,
carnivore 3, speed 1, shaggy fur 1, slow metabolism 1, sharp paws
a: no special abilities


You were on level 1 of the Dungeon.
You were not hungry.

You visited 1 branch of the dungeon, and saw 1 of its levels.

Inventory:

Scrolls
 c - a scroll of identify {unknown}
Comestibles
 b - a meat ration


   Skills:
 + Level 3.0 Fighting
 + Level 4.2 Dodging
 * Level 4.2 Unarmed Combat


You couldn't memorise any spells.
You didn't know any spells.

Dungeon Overview and Level Annotations

Branches:
Dungeon (1/15)

Altars:


Innate Abilities, Weirdness & Mutations

You cannot wear armour.
You are incapable of wielding weapons or throwing items.
You have sharp claws.
You have razor-sharp teeth.
You have supernaturally acute eyesight.
You are carnivorous and can eat meat at any time.
You cover ground quickly.
You are covered in fur (AC +1).
You have a slow metabolism.
Your sharp claws are effective at attacking unaware monsters.


Message History

The bat closely misses you. The giant cockroach misses you.
ATTACK MOVE TO (-1,-1)
You closely miss the rat. The bat barely misses you.
The kobold barely misses you. The giant cockroach misses you.
The rat misses you.
ATTACK MOVE TO (-1,-1)
You scratch the rat.
You kill the rat!
The bat hits you. The giant cockroach misses you.
The kobold completely misses you.
ATTACK MOVE TO (-1,0)
You claw the bat!
You kill the bat!
The giant cockroach misses you. The kobold barely misses you.
The giant cockroach misses you.
ATTACK MOVE TO (-1,1)
You scratch the giant cockroach.
You kill the giant cockroach!
The kobold hits you.
You die...

#.#.#>##.#.#
#.#.##.#.'.#
#.##..##.#.#
##.####.##.#
##....###(#
########'#
#...#.%(.###.#
.##...%.(.....?#
......%h...(####
..##...K........
#..##......####
..# #.....## .
.....## ...#.##
......# ...# ##


You could see a kobold.

Table legend:
 A = Turns spent in this place as a percentage of turns spent in the entire game.
 B = Non-inter-level travel turns spent in this place as a percentage of non-inter-level travel turns spent in the entire game.
 C = Inter-level travel turns spent in this place as a percentage of turns spent in this place.
 D = Turns resting spent in this place as a percentage of non-inter-level travel turns spent in this place.
 E = Turns spent auto-exploring this place as a percentage of non-inter-level travel turns spent in this place.
 F = Non-inter-level travel turns spent in this place divided by the number of levels of this place that you've seen.
                   A       B       C       D       E      F
               +-------+-------+-------+-------+-------+----------------------
         Total | 100.0 | 100.0 |   0.0 |   0.0 |   2.6 | 193.0
       Dungeon | 100.0 | 100.0 |   0.0 |   0.0 |   2.6 | 193.0
               +-------+-------+-------+-------+-------+----------------------

Table legend:
 A = Kills in this place as a percentage of kills in entire the game.
 B = Kills by you in this place as a percentage of kills by you in the entire game.
 C = Kills by friends in this place as a percentage of kills by friends in the entire game.
 D = Other kills in this place as a percentage of other kills in the entire game.
 E = Experience gained in this place as a percentage of experience gained in the entire game.
 F = Experience gained in this place divided by the number of levels of this place that you have seen.
                   A       B       C       D       E      F
               +-------+-------+-------+-------+-------+----------------------
         Total | 100.0 | 100.0 |  -nan |  -nan | 100.0 |   9.0
       Dungeon | 100.0 | 100.0 |  -nan |  -nan | 100.0 |   9.0
               +-------+-------+-------+-------+-------+----------------------

Vanquished Creatures
  A giant gecko (D:1)
  A bat (D:1)
  A giant cockroach (D:1)
  2 rats (D:1)
5 creatures vanquished.

Notes
Turn   | Place    | Note
--------------------------------------------------------------
     0 | D:1      | gw the Felid Fighter began the quest for the Orb.
     0 | D:1      | Reached XP level 1. HP: 10/10 MP: 2/2
   143 | D:1      | Slain by a kobold

Action                   || total
-------------------------++-------
Melee: Unarmed           ||    10
  Use: Potion            ||     1
 Stab: Sleeping          ||     1

Vault maps used:
D:1:      roderic_lyre, minmay_misc_feat_square
